 Dungeon Crawl Stone Soup version 0.27.1-33-g824d729ab1 (webtiles) character file.

Game seed: 845782102498825296

25 DirtyFrank the Chopper (level 3, -6/34 HPs)
             Began as a Gargoyle Berserker on Dec 7, 2021.
             Was a Follower of Trog.
             Mangled by Sigmund (11 damage)
             ... on level 2 of the Dungeon.
             The game lasted 00:02:57 (1484 turns).

DirtyFrank the Chopper (Gargoyle Berserker)         Turns: 1484, Time: 00:02:58

Health: -6/34      AC:  5    Str: 21    XL:     3   Next: 6%
Magic:  3/3        EV: 11    Int:  7    God:    Trog [*.....]
Gold:   63         SH:  0    Dex:  9    Spells: 2/2 levels left

rFire    . . .     SeeInvis .   a - +0 hand axe
rCold    . . .     Faith    .   (no shield)
rNeg     + . .     Spirit   .   b - +0 animal skin
rPois    ∞         Reflect  .   (no helmet)
rElec    +         Harm     .   (no cloak)
rCorr    .         Rampage  .   (no gloves)
Will     .....                  (no boots)
Stlth    ..........             (no amulet)
HPRegen  0.11/turn              (no ring)
MPRegen  0.08/turn              (no ring)

@: berserking, very quick
A: sickness immunity, AC +3, negative energy resistance 1, electricity
resistance, torment resistance 1, petrification resistance
a: Renounce Religion, Berserk


You were on level 2 of the Dungeon.
You worshipped Trog.
Trog was aware of your devotion.
You visited 1 branch of the dungeon, and saw 2 of its levels.

You collected 63 gold pieces.

Inventory:

Hand Weapons
 a - a +0 hand axe (weapon)
 e - a +2 dagger of venom
Armour
 b - a +0 animal skin (worn)
Scrolls
 c - a scroll of acquirement {unknown}
 f - 3 scrolls of torment {unknown}
 g - a scroll of identify {unknown}
Potions
 d - a potion of heal wounds {unknown}


   Skills:
 - Level 3.2 Fighting
 + Level 3.7 Axes
 - Level 2.1 Armour
 - Level 1.5 Dodging


You had 2 spell levels left.
You didn't know any spells.
Your spell library was empty.

Dungeon Overview and Level Annotations

Branches:
Dungeon (2/15)

Altars:

Annotations:
D:2 Sigmund


Innate Abilities, Weirdness & Mutations

You are immune to sickness and miasma.
Your stone body is resilient. (AC +3)
You are immune to poison.
You resist negative energy. (rN+)
You are resistant to electric shocks. (rElec)
You are resistant to unholy torment.
You are immune to petrification.


Message History

The ball python constricts you.
The frilled lizard hisses angrily.
You slash the ball python!
You kill the ball python!
Trog accepts your kill.
Sigmund gestures wildly while chanting.
Sigmund flickers and vanishes!
Deactivating autopickup; reactivate with Ctrl-A.
You closely miss the hobgoblin. The hobgoblin hits you.
You hit the hobgoblin.
The hobgoblin is heavily wounded.
The hobgoblin misses you.
You hit the hobgoblin but do no damage.
The hobgoblin is heavily wounded.
The hobgoblin closely misses you.
You hit the hobgoblin.
The hobgoblin is almost dead.
The hobgoblin hits you.
You hit the hobgoblin.
You kill the hobgoblin!
Trog accepts your kill. Something hits you! The endoplasm freezes you.
You are frozen.
* * * LOW HITPOINT WARNING * * *
You have reached level 3!
Your experience leads to an increase in your attributes!
Increase (S)trength, (I)ntelligence, or (D)exterity?
You feel stronger.
A red film seems to cover your vision as you go berserk!
You feel yourself moving faster!
You feel mighty! The endoplasm barely misses you.
You slash the endoplasm!
You kill the endoplasm!
Trog accepts your kill. Something hits you.
* * * LOW HITPOINT WARNING * * *
You see here a hobgoblin corpse.
You miss something. Something hits you!
You die...

####<[# #.###
##.# #...#
#># ###.# #.#
#.# #.## #)#
## #..## #.##
..## ##..#
#..# .....
##.#
##.####.....#
#.#
#...@.S...#
#.#
######l...#
#.# ##..# #.#
. #.# #.# ###


You could see an adder and a frilled lizard.

Vanquished Creatures
  A dart slug (D:1)
  2 endoplasms
  3 goblins
  3 hobgoblins
  2 jackals (D:2)
  A quokka (D:1)
  3 ball pythons
  4 bats (D:1)
  2 rats (D:1)
21 creatures vanquished.

Notes
Turn   | Place    | Note
-------+----------+-------------------------------------------
     0 | D:1      | DirtyFrank the Gargoyle Berserker began the quest for the
                  | Orb.
     0 | D:1      | Reached XP level 1. HP: 14/14 MP: 1/1
   351 | D:1      | Reached XP level 2. HP: 19/19 MP: 2/2
  1471 | D:2      | Noticed Sigmund
  1481 | D:2      | Reached XP level 3. HP: 4/23 MP: 3/3
  1484 | D:2      | Mangled by Sigmund

Illustrated notes

Levels and vault maps discovered:
D:1:      dpeg_arrival_rooms_a, layout_basic, due_unseen_surprise
D:2:      layout_rooms, ebering_dispersal_statue_hall, uniq_sigmund

Skill      XL: |  1 |
---------------+----+-----
Axes           | 3 |  3.7
Fighting       | |  3.2
Armour         | |  2.1
Dodging        | |  1.5

Action                   || total
-------------------------++-------
Melee: Hand axe          ||    75
Invok: Berserk           ||     1
Armor: Animal skin       ||    38
Dodge: Dodged            ||    56
